 Dungeon Crawl Stone Soup version 0.30-a0-743-gbfdf073431 (webtiles) character file.

Game seed: 5877520073674300178

105 Ajdolov the Sneak (level 4, 0/23 HPs)
             Began as a Vine Stalker Brigand on Feb 5, 2023.
             Succumbed to a water moccasin's poison
             ... on level 4 of the Dungeon.
             The game lasted 00:03:52 (2687 turns).

Ajdolov the Sneak (Vine Stalker Brigand)            Turns: 2687, Time: 00:03:53

Health: 0/23       AC:  4    Str: 13    XL:     4   Next: 83%
Magic:  3/5        EV: 11    Int: 11    God:
Gold:   257        SH:  0    Dex: 18    Spells: 3/3 levels left

rFire   + . .      SeeInvis +    a - +2 dagger
rCold   + . .      Faith    .    (no shield)
rNeg    . . .      Spirit   +    b - +0 robe
rPois   +          Reflect  .    (no helmet)
rElec   +          Harm     .    c - +0 cloak
rCorr   +          Rampage  .    s - +0 pair of gloves
Will    .....                    (no boots)
Stlth   +++                      (no amulet)
HPRegen 1.03/turn                n - ring of see invisible
MPRegen 0.09/turn                (no ring)

@: lethally poisoned (0 -> -6), resistant, flying
A: fangs 2, regeneration 1, magic shield, antimagic bite, no potion heal 2
a: no special abilities


You were on level 4 of the Dungeon.
You visited 1 branch of the dungeon, and saw 4 of its levels.

You collected 257 gold pieces.

Inventory:

Hand Weapons
 a - a +2 dagger (weapon)
Missiles
 d - 13 poisoned darts (quivered)
 e - 3 curare-tipped darts
Armour
 b - a +0 robe (worn)
 c - a +0 cloak (worn)
 s - a +0 pair of gloves (worn)
Jewellery
 n - a ring of see invisible (left hand)
Scrolls
 f - 2 scrolls of teleportation {unknown}
 h - 8 scrolls of identify {unknown}
 j - a scroll of immolation {unknown}
 l - a scroll of enchant armour {unknown}
 o - a scroll of noise {unknown}
 t - a scroll of vulnerability {unknown}
 u - a scroll of enchant weapon {unknown}
 w - a scroll of fear {unknown}
Potions
 g - 3 potions of flight
 i - 2 potions of degeneration {unknown}
 k - a potion of might {unknown}
 p - a potion of invisibility {unknown}
 q - a potion of attraction {unknown}
 r - 2 potions of curing {unknown}
 v - a potion of lignification {unknown}


   Skills:
 - Level 1.7 Fighting
 * Level 3.9 Short Blades
 - Level 1.7 Throwing
 - Level 0.7 Dodging
 + Level 5.6 Stealth


You had 3 spell levels left.
You didn't know any spells.
Your spell library contained the following spells:

 Spells                   Type           Power      Damage    Failure   Level
 Static Discharge         Conj/Air       0%         2-2/arc   47%         2
 Vhi's Electric Charge    Tloc/Air       0%         N/A       71%         3
 Arcjolt                  Conj/Air       0%         1d10      100%        5
 Lightning Bolt           Conj/Air       0%         1d11      100%        5


Dungeon Overview and Level Annotations

Branches:
Dungeon (4/15)
 Temple: D:4-7

Altars:
Hepliaklqana
Nemelex Xobeh
Uskayaw
Xom

Shops:
D:4 *


Innate Abilities, Weirdness & Mutations

You have extremely sharp teeth.
Your natural rate of healing is unusually fast.
When hurt, damage is shared between your health and your magic reserves.
Your bite disrupts and absorbs the magic of your enemies.
Potions cannot restore your health.


Message History

The water moccasin poisons you!
The quokka twitches its whiskers.
Okay, then.
Press: ? - help, v - describe, . - travel
Here: a water moccasin The floor.
The water moccasin attacks as you move away!
The water moccasin barely misses you.
You feel very sick. The water moccasin barely misses you.
You see here a scroll labelled HAUFFAINUNE.
You feel very sick.
The water moccasin attacks as you move away!
The water moccasin misses you.
You feel sick. The water moccasin bites you.
You aren't carrying any items that you can evoke.
The water moccasin attacks as you move away!
The water moccasin bites you.
You feel sick.
You barely miss the water moccasin.
You feel sick.
The water moccasin bites you but does no damage.
You completely miss the water moccasin. You bite the water moccasin.
You drain its power.
You feel invigorated.
The water moccasin is lightly wounded.
You feel sick.
The water moccasin completely misses you.
The quokka twitches its whiskers.
You barely miss the water moccasin.
The water moccasin is lightly wounded.
The water moccasin bites you. x2
* * * LOW HITPOINT WARNING * * *
You are lethally poisoned!
The water moccasin poisons you!
Okay, then.
You feel protected.
* * * LOW HITPOINT WARNING * * *
You feel very sick. The water moccasin misses you.
It was a potion of flight.
You feel very buoyant.
You fly up into the air.
You die...

#.>.∩.<.##........#
.###.......##........<
.......8.......#.....#
...........#..... ...
...............# .. .
..####...####.##.#...#
.. #...####†)......#
###...##...##......
#....@##.### #.###
#.....Sr..### #
#.#.###o#...#
#.....?.....#
#.#o###.#.#.#
#.#.#(#.#..... .
#.###.#....#.
#..........#..# #
...#.###.#....#


You could see a water moccasin, an orc and a quokka.

Vanquished Creatures
  3 gnolls (D:3)
  An adder (D:4)
  A worm (D:2)
  2 dart slugs
  An orc (D:4)
  3 ball pythons
  5 endoplasms
  4 giant cockroaches
  7 goblins
  7 hobgoblins
  2 jackals (D:2)
  5 kobolds
  6 bats
  3 frilled lizards
  6 rats
56 creatures vanquished.

Notes
Turn   | Place    | Note
-------+----------+-------------------------------------------
     0 | D:1      | Ajdolov the Vine Stalker Brigand began the quest for the
                  | Orb.
     0 | D:1      | Reached XP level 1. HP: 11/11 MP: 2/2
   180 | D:1      | Reached XP level 2. HP: 11/15 MP: 1/3
   818 | D:2      | Reached skill level 5 in Stealth
   873 | D:2      | Reached XP level 3. HP: 18/18 MP: 4/4
  1470 | D:3      | Found a hazy altar of Hepliaklqana.
  1472 | D:3      | Found a shimmering altar of Xom.
  1473 | D:3      | Noticed a spectral ugly thing
  1755 | D:3      | Gained mutation: Your natural rate of healing is unusually
                  | fast. [Vine Stalker growth]
  1755 | D:3      | Reached XP level 4. HP: 14/23 MP: 3/5
  2019 | D:3      | Found a hide-covered altar of Uskayaw.
  2024 | D:3      | Found a sparkling altar of Nemelex Xobeh.
  2586 | D:4      | Found Usaner's Assorted Antiques.
  2672 | D:4      | Noticed a water moccasin
  2687 | D:4      | Succumbed to a water moccasin's poison

Illustrated notes

Levels and vault maps discovered:
D:1:      matt_arrival_refuge, layout_basic
D:2:      layout_loops_ring
D:3:      layout_basic, regret_index_temple_of_mockery, minitemple
D:4:      layout_loops_cross, skrybe_limestone_x, nicolae_stop_n_shop_2,
          minmay_surrounded

Skill      XL: |  1  2  3 |
---------------+----------+-----
Short Blades   | 2 3 |  3.9
Stealth        | 5 |  5.6
Fighting       | |  1.7
Throwing       | |  1.7
Dodging        | |  0.7

Action                     |  1- 3 |  4- 6 || total
---------------------------+-------+-------++-------
  Melee: Dagger            |    90 |    54 ||   144
         Bite              |    17 |    11 ||    28
  Throw: Dart              |     8 |       ||     8
    Use: Potion            |       |     2 ||     2
   Stab: Sleeping          |    17 |     3 ||    20
 Armour: Robe              |    16 |    16 ||    32
  Dodge: Dodged            |    37 |    35 ||    72

Table legend: (Time is in decaauts)
 A = Elapsed time spent in this place.
 B = Non-inter-level travel time spent in this place.
 C = Inter-level travel time spent in this place.
 D = Time resting spent in this place.
 E = Time spent auto-exploring this place.
 F = Levels seen in this place.
 G = Mean time per level.
                   A        B        C        D        E       F      G
               +--------+--------+--------+--------+--------+-----+--------+
         Total |   2661 |   2579 |     82 |      0 |   2057 |   4 |  665.2 |
       Dungeon |   2661 |   2579 |     82 |      0 |   2057 |   4 |  665.2 |
               +--------+--------+--------+--------+--------+-----+--------+

Top non-repeatable levels by time:
     D:3: 1298 daAuts
     D:2: 662 daAuts
     D:1: 603 daAuts
     D:4: 96 daAuts
